 Dungeon Crawl Stone Soup version 0.28.0-47-ge53b351184 (webtiles) character file.

Game seed: 5098524715167356043

18 101zpm the Magician (level 2, -2/21 HPs)
             Began as a Djinni Ice Elementalist on Apr 26, 2022.
             Shot with an arrow by a centaur (6 damage)
             ... on level 6 of the Dungeon.
             The game lasted 00:01:40 (837 turns).

101zpm the Magician (Djinni Ice Elementalist)        Turns: 837, Time: 00:01:41

Health: -2/21      AC:  2    Str:  7    XL:     2   Next: 85%
Gold:   29         EV: 12    Int: 16    God:
                   SH:  0    Dex: 13

rFire   + + .      SeeInvis .   (no weapon)
rCold   x . .      Faith    .   (no shield)
rNeg    . . .      Spirit   .   a - +0 robe
rPois   ∞          Reflect  .   (no helmet)
rElec   .          Harm     .   (no cloak)
rCorr   .          Rampage  .   (no gloves)
Will    .....                   (boots unavailable)
Stlth   ++........              (no amulet)
HPRegen 0.07/turn               (no ring)
MPRegen 0.00/turn               (no ring)

@: flying
A: sickness immunity, fire resistance 2, cold vulnerability 1, float, innate
caster, HP casting, extra vitality 1
a: no special abilities


You were on level 6 of the Dungeon.
You visited 1 branch of the dungeon, and saw 6 of its levels.

You collected 29 gold pieces.

Inventory:

Armour
 a - a +0 robe (worn)
Scrolls
 c - a scroll of teleportation {unknown}
Potions
 b - a potion of haste {unknown}
 d - a potion of curing {unknown}
 e - a potion of might {unknown}


   Skills:
 + Level 2.4 Dodging
 + Level 1.5 Stealth
 + Level 3.7 Spellcasting


You couldn't memorise any spells.
You knew the following spells:

 Your Spells              Type           Power      Damage    Failure   Level
a - Freeze                Ice            56%        1d7       3%          1
b - Frozen Ramparts       Ice            28%        1d4       12%         3
c - Ozocubu's Armour      Ice            14%        N/A       12%         3
d - Hailstorm             Conj/Ice       14%        3d5       36%         4
Your spell library was empty.

Dungeon Overview and Level Annotations

Branches:
Dungeon (6/15)
 Temple: D:4-7

Altars:


Innate Abilities, Weirdness & Mutations

You are immune to sickness and miasma.
You are immune to poison.
Your flesh is very heat resistant. (rF++)
You are vulnerable to cold. (rC-)
You float through the air rather than walking.
You learn spells naturally, not from books.
Your magical power is your life essence.
You have superior vitality. (+4 MHP)


Message History

You freeze the orc.
The orc is lightly wounded.
The orc barely misses you.
You freeze the orc.
The orc is almost dead.
The orc hits you with a +0 hand axe!
You are too injured to fight recklessly!
Aiming: Freeze (safe; 3% risk of failure)
Press: ? - help, Q - select action Shift-Dir - straight line, f/p - orc
Aim: an orc, wielding a +0 hand axe (almost dead)
You freeze the orc.
You kill the orc!
There is a stone staircase leading up here.
You see here an adder corpse.
There is a stone staircase leading down here.
You fly downwards.
There is a stone staircase leading up here.
You start resting.
HP restored.
Found a stone staircase leading down.
There is a stone staircase leading down here.
You now have 24 gold pieces (gained 9).
Found a falchion.
d - a murky emerald potion You see here a +0 falchion.
Found a stone staircase leading down.
e - a ruby potion
There is a stone staircase leading down here.
You fly downwards.
There is a stone staircase leading up here.
You now have 29 gold pieces (gained 5).
A centaur comes into view.
Found a stone staircase leading down.
The centaur wields a +0 shortbow.
The centaur shoots an arrow.
The arrow hits you!
The centaur shoots an arrow.
The arrow hits you.
The centaur shoots an arrow.
The arrow misses you.
The centaur shoots an arrow.
The arrow hits you.
* * * LOW HITPOINT WARNING * * *
The centaur shoots an arrow.
The arrow hits you.
You die...

############
#..........#
#....<.....#
#..........#
#....@.....#
######.#####
#. #..# .
##.# c# #c#
..# #.# ##c#
#.## ...#
#..##...#
##....#


You could see a centaur.

Vanquished Creatures
  An adder (D:4)
  An orc (D:4)
  A bat (D:2)
  A hobgoblin (D:2)
  A quokka (D:3)
  A ball python (D:2)
  2 kobolds
  A rat (D:2)
9 creatures vanquished.

Notes
Turn   | Place    | Note
-------+----------+-------------------------------------------
     0 | D:1      | 101zpm the Djinni Ice Elementalist began the quest for the
                  | Orb.
     0 | D:1      | Reached XP level 1. HP: 15/15 MP: 0/0
   477 | D:3      | Reached XP level 2. HP: 20/21 MP: 0/0
   553 | D:5      | Entered Level 5 of the Dungeon
   828 | D:6      | Noticed a centaur
   837 | D:6      | Shot with an arrow by a centaur

Illustrated notes

Levels and vault maps discovered:
D:1:      psy_arrival_statuary, layout_basic, serial_shops, shop,
          grunt_decor_mini_mirrors, kennysheep_flooded_box
D:2:      layout_loops_corners, basic_altar, basic_ecumenical_altar
D:3:      layout_basic, portal_sewer_entry_d, goddamned_bats
D:4:      layout_rooms, gammafunk_ghost_abyssal_escape
D:5:      layout_cave_pods, minmay_temple_entry_arrows
D:6:      layout_rooms, chequers_temple_overflow_statue_of_worship

Action                   || total
-------------------------++-------
Melee: Unarmed           ||     1
 Cast: Freeze            ||    17
Armor: Robe              ||     3
Dodge: Dodged            ||    15
